 Dungeon Crawl Stone Soup version 0.31.0-9-g3a7656b989 (webtiles) character file.

Game seed: 2861710456169298368

98 qw the Shooter (level 4, -1/36 HPs)
             Began as a Demigod Hunter on Feb 2, 2024.
             Incinerated by a bombardier beetle (2 damage)
             ... with a burning spray
             ... on level 3 of the Dungeon.
             The game lasted 00:00:07 (1757 turns).

qw the Shooter (Demigod Hunter)                     Turns: 1757, Time: 00:00:07

Health: -1/36      AC:  4    Str: 12      XL:     4   Next: 20%
Magic:  6/6        EV: 12    Int: 10 (11) God:
Gold:   76         SH:  0    Dex: 21      Spells: 3/3 levels left

rFire   . . .        a - +1 shortbow
rCold   . . .        (shield currently unavailable)
rNeg    . . .        c - +0 leather armour
rPois   .            (no helmet)
rElec   .            (no cloak)
rCorr   .            (no gloves)
SInv    .            f - +0 pair of boots
Will    .....        (no amulet)
Stlth   +            (no ring)
HPRegen 0.26/turn    (no ring)
MPRegen 0.10/turn

%: no passive effects
@: on fire, glowing
A: high MP 1, forlorn, divine attributes
a: no special abilities


You were on level 3 of the Dungeon.
You visited 1 branch of the dungeon, and saw 3 of its levels.

You collected 76 gold pieces.


Innate Abilities, Weirdness & Mutations

You have an increased reservoir of magic. (+10% MP)
You shall have no god before yourself.
Your divine heritage dramatically boosts your attributes as you level up.


   Skills:
 - Level 2.0 Fighting
 + Level 5.2 Ranged Weapons
 - Level 2.0 Dodging
 - Level 0.8 Stealth


You had 3 spell levels left.
You didn't know any spells.
Your spell library was empty.

Inventory:

Hand Weapons
 a - a +1 shortbow (weapon)
Armour
 b - a +0 ring mail
 c - a +0 leather armour (worn)
 f - a +0 pair of boots (worn)
Jewellery
 j - a ring of resist corrosion
Scrolls
 d - a scroll of enchant armour {unknown}
 e - a scroll of identify
 g - 2 scrolls of teleportation {unknown}
Potions
 h - a potion of haste {unknown}
 i - a potion of ambrosia {unknown}

Dungeon Overview and Level Annotations

Branches:
Dungeon (3/15)


Message History

You shoot an arrow.
The arrow hits the bombardier beetle but does no damage.
You shoot an arrow.
The arrow barely misses the bombardier beetle.
You shoot an arrow. The arrow hits the bombardier beetle.
The bombardier beetle is moderately wounded.
You shoot an arrow. The arrow hits the bombardier beetle.
The bombardier beetle is heavily wounded.
You shoot an arrow.
The arrow hits the bombardier beetle but does no damage.
The bombardier beetle is heavily wounded.
The bombardier beetle sprays incendiary fluid at you.
The burning spray hits you.
You are covered in liquid fire!
You shoot an arrow.
The arrow hits the bombardier beetle but does no damage.
The bombardier beetle is heavily wounded.
The liquid fire burns you!
You shoot an arrow. The arrow hits the bombardier beetle.
The bombardier beetle is severely wounded.
The liquid fire burns you!
You shoot an arrow. The arrow hits the bombardier beetle.
You kill the bombardier beetle!
The liquid fire burns you!
You feel your strength returning.
Your Ranged Weapons skill increases to level 5!
You have reached level 4!
You are on fire!
The liquid fire burns you!
You are on fire!
The liquid fire burns you!
You are on fire!
The liquid fire burns you!
You are on fire!
The liquid fire burns you!
You are on fire!
The liquid fire burns you!
You are on fire!
The liquid fire burns you!
You die...

##........ .#
#......... ..
#.......... # #.
#........... ..#..
#........... ....
..........# #.
##........## #
#.@........# #
#..........#
#..........#
#..........#
#..........#
##........#########
##......##........
#####.###..######
#.####<#


There were no monsters in sight!

Vanquished Creatures
  A bombardier beetle (D:3)
  2 dart slugs (D:1)
  A ribbon worm (D:2)
  8 ball pythons
  7 endoplasms
  A giant cockroach (D:1)
  6 goblins
  9 hobgoblins
  2 quokkas
  3 bats (D:1)
  4 frilled lizards
  3 rats
47 creatures vanquished.

Notes
Turn   | Place    | Note
-------+----------+-------------------------------------------
     0 | D:1      | qw the Demigod Hunter began the quest for the Orb.
     0 | D:1      | Reached XP level 1. HP: 17/17 MP: 3/3
     0 | D:1      | 0 ||| qw: Version: 0.3-a-155-g5e7d8dd
     0 | D:1      | 0 ||| qw: Game counter: 221
     0 | D:1      | 0 ||| qw: Melee chars always use a shield: true
     0 | D:1      | 0 ||| qw: God list: Okawaru
     0 | D:1      | 0 ||| qw: Allow faded altars: false
     0 | D:1      | 0 ||| qw: Do Orc after clearing Dungeon:15 true
     0 | D:1      | 0 ||| qw: Do second Lair branch before Depths: true
     0 | D:1      | 0 ||| qw: Lair rune preference: random
     0 | D:1      | 0 ||| qw: Goals: Normal
     0 | D:1      | 0 ||| PLANNING D:1-11
    23 | D:1      | 23 ||| RETREEEEATING.
    27 | D:1      | 27 ||| RETREEEEATING.
    30 | D:1      | 30 ||| RETREEEEATING.
    31 | D:1      | 31 ||| RETREEEEATING.
    41 | D:1      | Reached skill level 4 in Ranged Weapons
    49 | D:1      | Reached XP level 2. HP: 9/24 MP: 4/4
   805 | D:1      | 805 ||| READING scroll labelled PEOCUJ ZYTAAQ.
   806 | D:1      | 806 ||| READING scroll labelled WUARHO WEMAEMM.
   806 | D:1      | 806 ||| ENCHANTING +0 shortbow.
   807 | D:1      | 807 ||| DRINKING 3 murky blue potions.
   808 | D:1      | 808 ||| DROPPING scroll of butterflies.
   809 | D:1      | 809 ||| DROPPING 2 potions of degeneration.
   904 | D:2      | Reached XP level 3. HP: 29/29 MP: 5/5
   999 | D:2      | 999 ||| FLEEEEING.
  1000 | D:2      | 1000 ||| FLEEEEING.
  1001 | D:2      | 1001 ||| FLEEEEING.
  1002 | D:2      | 1002 ||| FLEEEEING.
  1497 | D:2      | 1497 ||| UPGRADING to +0 pair of boots.
  1502 | D:2      | 1502 ||| READING 2 scrolls labelled DECALID HOSO.
  1502 | D:2      | 1502 ||| IDENTIFYING cyan potion
  1503 | D:2      | 1503 ||| READING scroll of identify.
  1503 | D:2      | 1503 ||| IDENTIFYING lumpy white potion
  1504 | D:2      | 1504 ||| DROPPING potion of invisibility.
  1505 | D:2      | 1505 ||| DROPPING potion of lignification.
  1752 | D:3      | Reached skill level 5 in Ranged Weapons
  1752 | D:3      | Reached XP level 4. HP: 20/36 MP: 6/6
  1754 | D:3      | HP: 9/36 [burnt (5)]
  1756 | D:3      | HP: 1/36 [burnt (4)]
  1757 | D:3      | Incinerated by a bombardier beetle

Levels and vault maps discovered:
D:1:      tarquinn_simple_flora_water_e, layout_basic, minmay_pentomino_o4
D:2:      layout_basic
D:3:      layout_rooms, pdpol_wu_jian_five_deadly_venoms,
          nicolae_elevator_lobby_plus

Skill      XL: |  1  2  3 |
---------------+----------+-----
Ranged Weapons | 4 5 |  5.2
Fighting       | 2 |  2.0
Dodging        | 2 |  2.0
Stealth        | |  0.8

Action                     |  1- 3 |  4- 6 || total
---------------------------+-------+-------++-------
   Fire: Shortbow          |   157 |       ||   157
    Use: Scroll            |     4 |       ||     4
         Potion            |     1 |       ||     1
 Armour: Leather armour    |    58 |       ||    58
  Dodge: Dodged            |    54 |       ||    54

Table legend:
 A = Non-vault XP
 B = Vault XP
 C = Vault XP percentage of total XP
 D = Non-vault monster count
 E = Vault monster count
 F = Vault count percentage of total count
                 A         B        C        D         E       F
            +---------+---------+-------+---------+---------+-------
      Total |     133 |       7 |   5.0 |      43 |       4 |   8.5
            +---------+---------+-------+---------+---------+-------
        D:1 |      36 |       7 |  16.3 |      19 |       4 |  17.4
        D:2 |      36 |       0 |   0.0 |      19 |       0 |   0.0
        D:3 |      61 |       0 |   0.0 |       5 |       0 |   0.0
            +---------+---------+-------+---------+---------+-------
